 Dungeon Crawl Stone Soup version 0.30.1-3-gfc49f6343a (webtiles) character file.

Game seed: 15764666026181654487

42 Fodor the Trooper (level 3, 0/34 HPs)
             Began as a Minotaur Fighter on Aug 1, 2023.
             Slain by a gnoll
             ... wielding a +0 flail
              (5 damage)
             ... on level 2 of the Dungeon.
             The game lasted 00:03:33 (868 turns).

Fodor the Trooper (Minotaur Fighter)                 Turns: 868, Time: 00:03:33

Health: 0/34       AC:  7    Str: 22    XL:     3   Next: 35%
Magic:  2/2        EV:  9    Int:  5    God:
Gold:   36         SH:  4    Dex:  9    Spells: 2/2 levels left

rFire   . . .        a - +0 long sword
rCold   . . .        c - +0 buckler
rNeg    . . .        b - +0 scale mail
rPois   .            (helmet restricted)
rElec   .            (no cloak)
rCorr   .            (no gloves)
SInv    .            (no boots)
Will    .....        (no amulet) Stlth
                     (no ring)
HPRegen 0.25/turn    (no ring)
MPRegen 0.08/turn

%: no passive effects
@: no status effects
A: horns 2, retaliatory headbutt
a: no special abilities


You were on level 2 of the Dungeon.
You visited 1 branch of the dungeon, and saw 2 of its levels.

You collected 36 gold pieces.

Inventory:

Hand Weapons
 a - a +0 long sword (weapon)
Armour
 b - a +0 scale mail (worn)
 c - a +0 buckler (worn)
Scrolls
 e - a scroll of amnesia {unknown}
 h - a scroll of teleportation {unknown}
 k - a scroll of identify {unknown}
 l - a scroll of vulnerability {unknown}
 m - a scroll of enchant weapon {unknown}
Potions
 d - a potion of might
 f - a potion of resistance {unknown}
 g - 2 potions of haste {unknown}
 i - a potion of degeneration {unknown}
 j - a potion of berserk rage {unknown}
 n - a potion of curing {unknown}


   Skills:
 + Level 4.4 Fighting
 + Level 2.9 Long Blades
 + Level 4.0 Armour
 + Level 0.2 Dodging
 + Level 4.1 Shields


You had 2 spell levels left.
You didn't know any spells.
Your spell library was empty.

Dungeon Overview and Level Annotations

Branches:
Dungeon (2/15)

Altars:


Innate Abilities, Weirdness & Mutations

You have a pair of horns on your head.
You reflexively headbutt those who attack you in melee.


Message History

You kill the adder!
Your Armour skill increases to level 4!
You see here an adder corpse.
A bat comes into view.
The bat moves out of view.
The bat hits you but does no damage. x2
The bat hits you but does no damage.
You closely miss the bat. The bat hits you but does no damage.
The bat barely misses you. The bat hits you but does no damage.
The bat closely misses you. The bat hits you but does no damage.
You hit the bat.
You kill the bat!
As you open the door, it creaks loudly!
A kobold and 3 gnolls come into view.
The kobold shouts!
The gnoll shouts! x3
The gnoll moves out of view.
A gnoll comes into view. It is wielding a +0 flail.
The gnoll hits you from afar with a +0 spear.
The gnoll hits you with a +0 whip! The gnoll hits you with a +0 whip.
There is an open door here.
You slash the gnoll!
The gnoll is severely wounded.
The gnoll hits you with a +0 whip. The gnoll completely misses you.
You block the gnoll's attack. x2; The gnoll hits you with a +0 flail!
The gnoll hits you with a +0 whip. The gnoll barely misses you.
You closely miss the gnoll. The gnoll misses you.
You hit the gnoll.
The gnoll is heavily wounded.
The gnoll hits you with a +0 flail.
* * * LOW HITPOINT WARNING * * *
You hit the gnoll. Your headbutt misses the gnoll.
The gnoll is heavily wounded.
The gnoll hits you with a +0 flail.
* * * LOW HITPOINT WARNING * * *
You hit the gnoll but do no damage. You headbutt the gnoll.
The gnoll is severely wounded.
The gnoll hits you with a +0 flail.
You die...

# #.......# #.#
#
#.......#####.#
#
#.............##
#
#..............#
......†......#
.....#..######
##. #..####
#.....# #..##@#
#####g#
#..ggK..#
#...g...#
#..♣♣♣..# #..
..# #.. ..# #.
.# #. .#


You could see 4 gnolls and a kobold.

Vanquished Creatures
  A gnoll (D:1)
  An adder (D:2)
  4 ball pythons (D:1)
  An endoplasm (D:1)
  2 giant cockroaches (D:1)
  A goblin (D:1)
  2 hobgoblins (D:1)
  A kobold (D:1)
  A quokka (D:1)
  7 bats
  A rat (D:1)
22 creatures vanquished.

Notes
Turn   | Place    | Note
-------+----------+-------------------------------------------
     0 | D:1      | Fodor the Minotaur Fighter began the quest for the Orb.
     0 | D:1      | Reached XP level 1. HP: 19/19 MP: 0/0
    36 | D:1      | HP: 1/20 [gnoll/+0 club (3)]
    39 | D:1      | Reached XP level 2. HP: 2/27 MP: 1/1
   460 | D:1      | Reached XP level 3. HP: 34/34 MP: 2/2
   868 | D:2      | Slain by a gnoll

Illustrated notes

Levels and vault maps discovered:
D:1:      saegor_arrival_simple_b, layout_basic
D:2:      kennysheep_the_goblin_king, layout_loops_ring,
          kennysheep_generic_room_11

Skill      XL: |  1  2  3 |
---------------+----------+-----
Fighting       | 4 |  4.4
Shields        | 4 |  4.1
Armour         | 4 |  4.0
Long Blades    | |  2.9
Dodging        | |  0.2

Action                     || total
---------------------------++-------
  Melee: Long sword        ||    54
         Headbutt          ||     8
 Armour: Scale mail        ||    48
  Dodge: Dodged            ||    44
  Block: Buckler           ||    17
